 Dungeon Crawl Stone Soup version 0.31.0-11-ge490571c62 (webtiles) character file.

Game seed: 11821665727027741618

162 Sobieck the Shooter (level 5, -2/33 HPs)
             Began as a Gargoyle Hunter on Jan 29, 2024.
             Incinerated by a bombardier beetle (5 damage)
             ... with a burning spray
             ... on level 2 of the Dungeon.
             The game lasted 00:04:18 (1652 turns).

Sobieck the Shooter (Gargoyle Hunter)               Turns: 1652, Time: 00:04:19

Health: -2/33      AC:  7    Str: 14    XL:     5   Next: 43%
Magic:  0/5        EV: 11    Int: 10    God:
Gold:   116        SH:  0    Dex: 15    Spells: 4/4 levels left

rFire   . . .        a - +0 shortbow
rCold   . . .        (shield currently unavailable)
rNeg    + . .        c - +0 leather armour
rPois   ∞            (no helmet)
rElec   +            (no cloak)
rCorr   .            (no gloves)
SInv    .            (no boots)
Will    .....        l - amulet of guardian spirit
Stlth   +            (no ring)
HPRegen 0.25/turn    (no ring)
MPRegen 0.09/turn

%: guardian spirit
@: on fire, glowing
A: sickness immunity, AC +4, negative energy resistance 1, electricity
resistance, torment resistance 1, petrification resistance
a: no special abilities


You were on level 2 of the Dungeon.
You visited 1 branch of the dungeon, and saw 3 of its levels.

You collected 116 gold pieces.

Inventory:

Hand Weapons
 a - a +0 shortbow (weapon)
Armour
 c - a +0 leather armour (worn)
Magical Staves
 h - a staff of conjuration
Jewellery
 l - an amulet of guardian spirit (around neck)
Scrolls
 b - a scroll of butterflies
 d - a scroll of teleportation {unknown}
 f - a scroll of enchant weapon {unknown}
 j - 2 scrolls of brand weapon {unknown}
 m - a scroll of identify {unknown}
 n - a scroll of noise {unknown}
Potions
 e - a potion of haste {unknown}
 g - a potion of mutation {unknown}
 i - 3 potions of curing {unknown}
 k - a potion of ambrosia {unknown}


   Skills:
 + Level 3.8 Fighting
 * Level 5.8 Ranged Weapons
 - Level 1.5 Dodging
 - Level 1.1 Stealth


You had 4 spell levels left.
You didn't know any spells.
Your spell library was empty.

Dungeon Overview and Level Annotations

Branches:
Dungeon (3/15)

Altars:


Innate Abilities, Weirdness & Mutations

You are immune to sickness and miasma.
Your stone body is resilient. (AC +4)
You are immune to poison.
You resist negative energy. (rN+)
You are resistant to electric shocks. (rElec)
You are resistant to unholy torment.
You are immune to petrification.


Message History

The bombardier beetle is moderately wounded.
No target in view!
Unknown command.
Unknown command.
Danger!
You shoot an arrow. The arrow hits the bombardier beetle.
The bombardier beetle is moderately wounded.
The bombardier beetle sprays incendiary fluid at you.
The burning spray hits you.
You are covered in liquid fire!
You shoot an arrow. The arrow hits the bombardier beetle.
The bombardier beetle is heavily wounded.
The liquid fire burns you!
You shoot an arrow. The arrow hits the bombardier beetle!
The bombardier beetle is almost dead.
The liquid fire burns you!
* * * LOW HITPOINT WARNING * * *
The bombardier beetle sprays incendiary fluid at you.
The burning spray hits you.
You are even more covered in liquid fire!
You shoot an arrow.
The arrow barely misses the bombardier beetle.
The liquid fire burns you!
* * * LOW HITPOINT WARNING * * *
The bombardier beetle sprays incendiary fluid at you.
The burning spray hits you.
You are even more covered in liquid fire!
The liquid fire burns you!
* * * LOW HITPOINT WARNING * * *
You shake off some of the fire as you move.
You climb upwards.
The liquid fire burns you!
* * * LOW HITPOINT WARNING * * *
There is a stone staircase leading down here.
Unknown command.
Unknown command.
You shake off some of the fire as you move.
The liquid fire burns you!
* * * LOW HITPOINT WARNING * * *
You shake off some of the fire as you move.
The liquid fire burns you!
* * * LOW HITPOINT WARNING * * *
Unknown command.
You shake off some of the fire as you move.
The liquid fire burns you!
* * * LOW HITPOINT WARNING * * *
Unknown command.
You shake off some of the fire as you move.
The liquid fire burns you!
You die...

#.#.############
##############.#..........#..
#..............#.#.....##.#.#
##.###########.#.#.###.##.#.#
#.# #.#.#.# #.##.#.# #.#
########.#.#.###.##.#.# #.#
#........#.#.....##.#.#
#.####.########.#..PP.##.#'#
#.#........@......♣~~.♣.....
#.#.##.#.#.#..#..~~~..~.....
#.#..#.#...#.....~~.~~~P....
#.##.#.##..#......~~~~♣P....
#)##.#.#..>......~~≈≈~~.....
#.##.#...........~~≈~~~.....
#.##.#####........~~~.~P.###
#.#..............~.~~~......
#.#.......(......~~~~~P..###


There were no monsters in sight!

Vanquished Creatures
  Jessica (D:2)
  Terence (D:2)
  4 gnolls
  An adder (D:2)
  A dart slug (D:1)
  4 endoplasms
  6 giant cockroaches
  3 goblins (D:2)
  5 hobgoblins (D:1)
  4 jackals (D:1)
  7 quokkas
  2 ball pythons (D:2)
  3 bats
  3 frilled lizards
  11 kobolds
  4 rats
60 creatures vanquished.

Notes
Turn   | Place    | Note
-------+----------+-------------------------------------------
     0 | D:1      | Sobieck the Gargoyle Hunter began the quest for the Orb.
     0 | D:1      | Reached XP level 1. HP: 12/12 MP: 1/1
    48 | D:1      | Reached XP level 2. HP: 18/18 MP: 2/2
   156 | D:1      | Found a faded altar of an unknown god.
   169 | D:1      | Reached XP level 3. HP: 22/22 MP: 3/3
   322 | D:1      | Reached skill level 3 in Fighting
   513 | D:2      | Reached skill level 5 in Ranged Weapons
   546 | D:2      | Reached XP level 4. HP: 24/28 MP: 4/4
   781 | D:2      | Noticed Jessica
   785 | D:2      | Killed Jessica
   786 | D:2      | Reached XP level 5. HP: 26/32 MP: 5/5
  1216 | D:2      | Noticed Terence
  1238 | D:2      | Killed Terence
  1652 | D:2      | Incinerated by a bombardier beetle

Illustrated notes

Levels and vault maps discovered:
D:1:      ncdulo_halloftheorcs, layout_basic,
          chequers_ecumenical_altar_simple_redux
D:2:      layout_basic, serial_bayou, serial_bayou_lake_a, serial_bayou_pond_b,
          serial_bayou_pond_d, serial_bayou_pond_d, minmay_misc_feat_encased,
          kennysheep_potato, uniq_jessica, uniq_terence
D:3:      layout_rooms, minmay_between

Skill      XL: |  1  2  3 |
---------------+----------+-----
Fighting       | 3 |  3.8
Ranged Weapons | 5 |  5.8
Dodging        | |  1.5
Stealth        | |  1.1

Action                     |  1- 3 |  4- 6 || total
---------------------------+-------+-------++-------
   Fire: Shortbow          |   126 |    73 ||   199
 Armour: Leather armour    |    45 |    16 ||    61
  Dodge: Dodged            |    50 |    11 ||    61
